 Dungeon Crawl Stone Soup version 0.31-a0-1301-g7e11add784 (webtiles) character file.

Game seed: 14644137843904449769

3759 Majang the Skirmisher (level 9, -5/53 HPs)
             Began as a Deep Elf Hunter on Dec 19, 2023.
             Was a Believer of Makhleb.
             Slain by a red ugly thing (27 damage)
             ... on level 8 of the Dungeon.
             The game lasted 00:46:12 (6548 turns).

Majang the Skirmisher (Deep Elf Hunter)             Turns: 6548, Time: 00:46:13

Health: -5/53      AC: 16    Str:  8    XL:     9   Next: 94%
Magic:  14/14      EV: 18    Int: 15    God:    Makhleb [**....]
Gold:   207        SH:  5    Dex: 34    Spells: 8/8 levels left

rFire   . . .        a - +1 shortbow
rCold   . . .        (shield currently unavailable)
rNeg    . . .        k - +6 leather armour of Bemal {Harm}
rPois   .            j - +0 helmet
rElec   .            c - +1 cloak {Will+}
rCorr   .            B - +2 pair of gloves
SInv    .            q - +0 pair of boots
Will    +....        l - amulet of reflection
Stlth   ++++         b - +6 ring of dexterity
HPRegen 0.28/turn    n - +6 ring of dexterity
MPRegen 0.14/turn

%: harm (+30% outgoing, +20% incoming), reflection
@: about to teleport
A: no striking features
a: Renounce Religion, Minor Destruction


You were on level 8 of the Dungeon.
You worshipped Makhleb.
Makhleb was pleased with you.
You visited 2 branches of the dungeon, and saw 9 of its levels.

You collected 468 gold pieces.
You spent 261 gold pieces at shops.

Inventory:

Hand Weapons
 a - a +1 shortbow (weapon)
Missiles
 x - a throwing net
Armour
 c - a +1 cloak of willpower (worn)
 j - a +0 helmet (worn)
 k - the +6 leather armour of Bemal (worn) {Harm}
   (You found it on level 2 of the Dungeon)

   Harm:      It increases damage dealt and taken.
 q - a +0 pair of boots (worn)
 B - a +2 pair of gloves (worn)
Jewellery
 b - a +6 ring of dexterity (left hand)
 e - a ring of wizardry
 i - a ring of see invisible
 l - an amulet of reflection (around neck)
 n - a +6 ring of dexterity (right hand)
Wands
 d - a wand of mindburst (21)
 m - a wand of paralysis (15)
 t - a wand of flame (15)
 v - a wand of acid (13)
Scrolls
 y - a scroll of blinking
Potions
 f - a potion of berserk rage
 g - 2 potions of cancellation
 h - a potion of curing
 o - a potion of enlightenment
 p - a potion of might
 r - 2 potions of attraction
 s - a potion of haste {unknown}
 w - a potion of heal wounds {unknown}
 A - a potion of resistance {unknown}


   Skills:
 * Level 4.9 Fighting
 * Level 13.1 Ranged Weapons
 + Level 6.1 Dodging
 + Level 6.1 Stealth
 + Level 4.7 Invocations
 + Level 4.7 Evocations


You had 8 spell levels left.
You didn't know any spells.
Your spell library contained the following spells:

 Spells                   Type           Power      Damage    Failure   Level
 Freeze                   Ice            0%         1d3       36%         1
 Shock                    Conj/Air       0%         1d3       36%         1
 Cigotuvi's Dreadful Rot  Necr/Pois/Air  0%         N/A       52%         2
 Dazzling Flash           Conj/Hex       0%         N/A       75%         3
 Frozen Ramparts          Ice            0%         1d1       75%         3
 Hailstorm                Conj/Ice       0%         3d5       75%         3
 Swiftness                Air            0%         N/A       75%         3
 Volatile Blastmotes      Fire/Tloc      0%         2d10      75%         3
 Airstrike                Air            0%         2d(0-16)  98%         4
 Dispel Undead            Necr           0%         3d6       98%         4
 Death Channel            Necr           0%         N/A       100%        6
 Starburst                Conj/Fire      0%         6d3       100%        6
 Maxwell's Capacitive Co  Air            0%         ∞         100%        8


Dungeon Overview and Level Annotations

Branches:
Dungeon (8/15)             Temple (1/1) D:7
   Lair: D:8-11

Altars:
Ashenzari
Cheibriados
Dithmenos
Elyvilon
Fedhas
Gozag
Hepliaklqana
Kikubaaqudgha
Makhleb
Nemelex Xobeh
Okawaru
Qazlal
Ru
Sif Muna
Uskayaw
Vehumet
Wu Jian
Xom
Yredelemnul
Zin
The Shining One

Shops:
D:2 [   D:3 [   D:4 :   D:6 *[(

Annotations:
D:5 1 runed translucent door, Crazy Yiuf


Message History

The meliai poisons you! The meliai hits you but does no damage.
You block the meliai's attack.
You shoot an arrow. The arrow hits the meliai.
The meliai is heavily wounded.
You feel very sick. The meliai hits you but does no damage.
The meliai closely misses you.
You shoot an arrow. The arrow hits the meliai!
You kill the meliai!
Makhleb accepts your kill.
You feel better.
You feel very sick.
You feel better.
You hear the steady creaking of a very distant portcullis.
Found a wand of paralysis (4).
m - a wand of paralysis (15) (gained 4 charges)
You see here a +2 pair of gloves.
You see here a +2 pair of gloves.
B - a +2 pair of gloves You start removing your armour.
You continue taking off your +0 pair of gloves. x4
You finish taking off your +0 pair of gloves.
You start putting on your armour.
You continue putting on your +2 pair of gloves. x5
You finish putting on your +2 pair of gloves.
You drop a +0 pair of gloves.
A water moccasin comes into view.
The water moccasin moves out of view.
You hear the quick creaking of a portcullis nearby.
A red ugly thing comes into view.
Found a book of Beasts.
The red ugly thing gurgles horribly!
You shoot an arrow.
The arrow hits the red ugly thing but does no damage.
The red ugly thing pecks you.
You are engulfed in flames!
Okay, then.
As you read the scroll of teleportation, it crumbles to dust.
You feel strangely unstable. The red ugly thing pecks you!
You are engulfed in flames!!
Ouch! That really hurt!
You die...

..# ..# ###
########## #######
.........###:....#
....###....###...#
##....###....###u#
###....###....#@#
. ##....###....#
#. ##.. ###..# ###
# #### . .


You could see a red ugly thing.

Vanquished Creatures
  A cyclops (D:8)
  A meliai (shapeshifter) (D:8)
  Grinder (D:6)
  Sigmund (D:6)
  Edmund (D:6)
  3 sky beasts (D:7)
  2 ice beasts
  An ogre (D:6)
  2 phantoms
  A centaur (D:6)
  3 bullfrogs
  A scorpion (D:5)
  5 wights (D:8)
  9 killer bees
  2 howler monkeys
  3 electric eels (D:3)
  4 hounds
  2 gnoll boudas
  3 orc priests
  2 jellies
  3 iguanas
  4 orc wizards
  19 gnolls
  6 adders
  A white imp (D:6)
  5 worms (D:2)
  4 dart slugs
  14 orcs
  9 ball pythons
  9 endoplasms
  3 giant cockroaches
  6 goblins
  10 hobgoblins
  5 kobolds
  4 quokkas
  2 bats (D:1)
  A frilled lizard (D:2)
  5 rats
158 creatures vanquished.

Notes
Turn   | Place    | Note
-------+----------+-------------------------------------------
     0 | D:1      | Majang the Deep Elf Hunter began the quest for the Orb.
     0 | D:1      | Reached XP level 1. HP: 12/12 MP: 3/3
   162 | D:1      | Reached skill level 6 in Ranged Weapons
   162 | D:1      | Reached XP level 2. HP: 16/16 MP: 4/4
   211 | D:1      | Found the +7 sceptre of Torment {pain, torment}
   407 | D:1      | Reached XP level 3. HP: 20/20 MP: 5/5
   793 | D:2      | Identified the +6 leather armour of Bemal {Harm}
   885 | D:2      | Reached skill level 7 in Ranged Weapons
  1039 | D:2      | Reached XP level 4. HP: 25/25 MP: 6/6
  1424 | D:2      | Found Apusez's Armour Boutique.
  1437 | D:2      | Found a shimmering blue altar of Sif Muna.
  1620 | D:2      | Reached skill level 8 in Ranged Weapons
  1712 | D:3      | Found a transporter.
  1715 | D:3      | Found a transporter.
  1756 | D:3      | Found Hull's Armour Shoppe.
  1855 | D:3      | Found an ancient bone altar of Kikubaaqudgha.
  1855 | D:3      | Found a stormy altar of Qazlal.
  2077 | D:3      | Reached XP level 5. HP: 29/29 MP: 7/7
  2189 | D:3      | Reached skill level 9 in Ranged Weapons
  2329 | D:4      | Found a white marble altar of Elyvilon.
  2331 | D:4      | Found a shadowy altar of Dithmenos.
  2332 | D:4      | Found a burning altar of Makhleb.
  2336 | D:4      | Became a worshipper of Makhleb the Destroyer
  2433 | D:4      | Reached XP level 6. HP: 32/34 MP: 8/8
  2507 | D:4      | Reached skill level 10 in Ranged Weapons
  2620 | D:4      | Found a sparkling altar of Nemelex Xobeh.
  2647 | D:4      | Found Ponimir's Book Shoppe.
  2973 | D:2      | Bought a +1 cloak of willpower for 198 gold pieces
  3038 | D:5      | Entered Level 5 of the Dungeon
  3237 | D:5      | Reached skill level 1 in Invocations
  3237 | D:5      | Reached XP level 7. HP: 39/39 MP: 9/9
  3253 | D:5      | Found a runed translucent door.
  3254 | D:5      | Noticed Crazy Yiuf
  3436 | D:5      | Reached skill level 1 in Evocations
  3541 | D:5      | Found a glowing silver altar of Zin.
  3982 | D:6      | Found Dotiveg's Armour Shop.
  3983 | D:6      | Found a sacrificial altar of Ru.
  3987 | D:6      | Found a blossoming altar of Fedhas.
  4002 | D:6      | Reached * piety under Makhleb
  4016 | D:6      | Found a glowing golden altar of the Shining One.
  4053 | D:6      | Bought a +0 pair of gloves for 63 gold pieces
  4091 | D:6      | Reached skill level 11 in Ranged Weapons
  4099 | D:6      | Reached XP level 8. HP: 40/45 MP: 11/11
  4139 | D:6      | Found Semalosm's General Store.
  4228 | D:6      | Noticed Sigmund
  4238 | D:6      | Killed Sigmund
  4481 | D:6      | Found a shimmering altar of Xom.
  4582 | D:6      | Found Fositev's Antique Weapon Boutique.
  4587 | D:6      | Noticed Edmund
  4599 | D:6      | Killed Edmund
  4755 | D:6      | Found an ornate altar of the Wu Jian Council.
  4755 | D:6      | Noticed Grinder
  4764 | D:6      | Killed Grinder
  4962 | D:7      | Reached skill level 12 in Ranged Weapons
  5113 | D:7      | Reached skill level 5 in Dodging
  5234 | D:7      | Reached XP level 9. HP: 51/51 MP: 13/13
  5251 | D:7      | Reached skill level 5 in Stealth
  5356 | D:7      | Found a staircase to the Ecumenical Temple.
  5365 | Temple   | Entered the Ecumenical Temple
  5517 | D:7      | Reached ** piety under Makhleb
  6150 | D:8      | Noticed a cyclops
  6153 | D:8      | HP: 1/52 [cyclops/large rock (51)]
  6154 | D:8      | Noticed a rime drake
  6165 | D:8      | Killed a cyclops
  6319 | D:8      | Reached skill level 13 in Ranged Weapons
  6413 | D:8      | Noticed a harpy
  6447 | D:8      | Noticed a meliai
  6454 | D:8      | Killed a meliai
  6543 | D:8      | Noticed a red ugly thing
  6548 | D:8      | Slain by a red ugly thing

Illustrated notes

Levels and vault maps discovered:
D:1:      lemuel_arrival_cross, layout_loops_ring, hangedman_decor_riveting,
          ebering_dispersal_statue_hall, minmay_surrounded
D:2:      layout_basic, serial_shops, shop, basic_altar
D:3:      gammafunk_steamed_eel, layout_rooms, gammafunk_temple_overflow_pools,
          serial_shops, shop, corexii_corridor_pit
D:4:      layout_basic, chequers_temple_overflow_statue_of_worship,
          nemelex_altar_shiori, serial_shops, shop
D:5:      layout_basic, mainiacjoe_overflow_surrounded_room,
          uniq_crazy_yiuf_cottage
D:6:      layout_layer_cave, lemuel_crystal_altar,
          gammafunk_temple_overflow_forgotten, brannock_xom_greatest_gift,
          serial_shops, shop, nicolae_shop_advertising_works
          [nicolae_subvault_shop_adworks], nicolae_shop_tiny_waterfront,
          uniq_grinder, uniq_sigmund, uniq_edmund
D:7:      layout_layer_cave, minmay_temple_entry_antechambers, minmay_between
D:8:      minmay_tri_box, layout_basic, trog_hazing_becter, david_lair_generic,
          enter_bailey_2, uniq_maurice, uniq_erica
Temple:   nicolae_temple_colour_theory

Skill      XL: |  1  2  3  4  5  6  7  8  9 |
---------------+----------------------------+-----
Ranged Weapons | 6 7 8 9 10 11 12 13 | 13.1
Invocations    | 1 2 3 4 |  4.7
Stealth        | 3 4 6 |  6.1
Fighting       | 2 3 4 |  4.9
Evocations     | 2 3 4 |  4.7
Dodging        | 3 5 6 |  6.1

Action                     |  1- 3 |  4- 6 |  7- 9 || total
---------------------------+-------+-------+-------++-------
   Fire: Shortbow          |   107 |   139 |   320 ||   566
  Evoke: Wand              |       |     2 |       ||     2
    Use: Scroll            |       |     9 |    11 ||    20
         Potion            |       |       |     2 ||     2
 Armour: Leather armour    |    10 |    23 |    58 ||    91
         Skin              |       |       |     4 ||     4
  Dodge: Dodged            |    23 |    23 |    73 ||   119
  Block: Other             |       |       |    23 ||    23

Table legend: (Time is in decaauts)
 A = Elapsed time spent in this place.
 B = Non-inter-level travel time spent in this place.
 C = Inter-level travel time spent in this place.
 D = Time resting spent in this place.
 E = Time spent auto-exploring this place.
 F = Levels seen in this place.
 G = Mean time per level.
                   A        B        C        D        E       F      G
               +--------+--------+--------+--------+--------+-----+--------+
         Total |   6524 |   5953 |    571 |    975 |    349 |   9 |  724.9 |
       Dungeon |   6523 |   5952 |    571 |    975 |    349 |   8 |  815.4 |
        Temple |      1 |      1 |      0 |      0 |      0 |   1 |    1.0 |
               +--------+--------+--------+--------+--------+-----+--------+

Top non-repeatable levels by time:
     D:7: 1064 daAuts
     D:6: 945 daAuts
     D:1: 911 daAuts
     D:5: 838 daAuts
     D:2: 810 daAuts
     D:4: 754 daAuts
     D:3: 675 daAuts
     D:8: 523 daAuts
  Temple: 1 daAuts
